[Event "RUS-ch Rapid Women 2021"]
[White "Kovanova,Baira"]
[Black "Nur-Mukhametova,Alisa"]
[Site "Sochi"]
[Round "1.1"]
[Annotator "NA"]
[Result "1/2-1/2"]
[Date "2021.10.12"]
[WhiteElo "2331"]
[BlackElo "2225"]
[PlyCount "136"]
[TimeControl "5400+30"]

1. e4 c5 2. Nf3 Nc6 3. Bb5 e6 4. 0-0 Nge7 5. Re1 a6 6. Bf1 d5 7. exd5 Nxd5 8. d4 Nf6 9. c3 cxd4 10. cxd4 Be7 11. Nc3 0-0 12. Bf4 b5 13. Rc1 Bb7 14. Bd3 Nb4 15. Bb1 Nbd5 16. Be5 Nxc3 17. bxc3 Nd7 18. Qd3 f5 19. Bf4 Bd5 20. h3 Rc8 21. Qe3 Nf6 22. Bd3 Ba3 23. Rc2 Ne4 24. Ng5 Nxg5 25. Bxg5 Qa5 26. Be2 Be4 27. Bd3 Bd5 28. Qg3 Qc7 29. Bf4 Qd7 30. Qe3 Be7 31. g4 Bd6 32. g5 Bxf4 33. Qxf4 Bb7 34. Qe5 Rfe8 35. Re3 Qc6 36. f3 Qd5 37. Kf2 Qxe5 38. Rxe5 g6 39. c4 bxc4 40. Rxc4 Bd5 41. Ra4 Rc3 42. Be2 Rc2 43. a3 Rb8 44. Rb4 Rxb4 45. axb4 f4 46. Ke1 Rb2 47. Bxa6 Rxb4 48. Bd3 Rxd4 49. Ke2 Kf7 50. Be4 Bc4+ 51. Ke1 Bd5 52. Ke2 Bc4+ 53. Ke1 Bd5 54. Ke2 Ke7 55. Bxd5 Rxd5 56. Re4 e5 57. Ra4 Ke6 58. h4 Rd6 59. Ra7 Rd7 60. Ra6+ Rd6 61. Ra7 Rd7 62. Ra6+ Kd5 63. Ra5+ Kd4 64. Ra4+ Kc5 65. Ra5+ Kd6 66. Ra6+ Ke7 67. Ra5 Ke6 68. Ra6+ Rd6 1/2-1/2

[Event "RUS-ch Rapid Women 2021"]
[White "Lapina,Maria"]
[Black "Kovalevskaya,Ekaterina"]
[Site "Sochi"]
[Round "1.2"]
[Annotator "NA"]
[Result "0-1"]
[Date "2021.10.12"]
[WhiteElo "1986"]
[BlackElo "2364"]
[PlyCount "97"]
[TimeControl "5400+30"]

1. d4 d5 2. c4 e6 3. Nc3 c5 4. e3 Nf6 5. Nf3 Be7 6. cxd5 exd5 7. Bb5+ Bd7 8. Bxd7+ Nbxd7 9. 0-0 0-0 10. b3 Rc8 11. Bb2 c4 12. bxc4 Rxc4 13. Ne5 Rc8 14. Qb3 Nb6 15. Ba3 Bxa3 16. Qxa3 Nc4 17. Qxa7 Nxe5 18. dxe5 Ng4 19. Qd4 Rc4 20. Qd2 Qc7 21. Nxd5 Qxe5 22. f4 Qe4 23. Rac1 Rc6 24. h3 Rd6 25. hxg4 Rxd5 26. Qe2 Rd3 27. Rfe1 Re8 28. Kf2 h6 29. Rcd1 Ra3 30. Rd4 Qe6 31. Rd2 Rea8 32. Ra1 R3a4 33. Rb2 b6 34. Kg1 Ra3 35. Kf2 Re8 36. Re1 Qc6 37. Rc2 Qe4 38. Rb2 Re6 39. Qf3 Qc4 40. Qe2 Qc5 41. Rc2 Qe7 42. Rc8+ Kh7 43. Qc2+ Rg6 44. Qe2 Qh4+ 45. Kg1 Rxa2 46. Qxa2 Qxe1+ 47. Kh2 Rxg4 48. Qc2+ g6 49. g3 0-1

[Event "RUS-ch Rapid Women 2021"]
[White "Goltseva,Ekaterina"]
[Black "Pedashenko,Anastasia"]
[Site "Sochi"]
[Round "1.3"]
[Annotator "NA"]
[Result "1-0"]
[Date "2021.10.12"]
[WhiteElo "2304"]
[BlackElo "1999"]
[PlyCount "49"]
[TimeControl "5400+30"]

1. d4 Nf6 2. c4 e6 3. g3 d5 4. Nf3 Be7 5. Bg2 0-0 6. 0-0 c5 7. dxc5 dxc4 8. Ne5 Nbd7 9. Nxc4 Nxc5 10. Nc3 a5 11. Qxd8 Rxd8 12. Bf4 Bd7 13. Bc7 Re8 14. Bxa5 Bc6 15. b4 Bxg2 16. Kxg2 Na6 17. Nb6 Rad8 18. a3 Rd2 19. Rfd1 Rc2 20. Rac1 Rxc1 21. Rxc1 Rd8 22. Nb5 h6 23. Nc8 Rd7 24. Nc7 Nxc7 25. Rxc7 1-0

[Event "RUS-ch Rapid Women 2021"]
[White "Vifleemskaia,Svetlana"]
[Black "Niyazgulova,Marina"]
[Site "Sochi"]
[Round "1.4"]
[Annotator "NA"]
[Result "1/2-1/2"]
[Date "2021.10.12"]
[WhiteElo "1926"]
[BlackElo "2227"]
[PlyCount "62"]
[TimeControl "5400+30"]

1. d4 d5 2. c4 c6 3. cxd5 cxd5 4. Bf4 Nc6 5. e3 Nf6 6. Nc3 a6 7. Be2 e6 8. Rc1 Bd6 9. Bxd6 Qxd6 10. f4 0-0 11. Nf3 Ne4 12. 0-0 f5 13. Ne5 Bd7 14. a3 Nxe5 15. fxe5 Qb6 16. b4 Rac8 17. Nxe4 Rxc1 18. Qxc1 fxe4 19. Rxf8+ Kxf8 20. Qc5+ Qxc5 21. bxc5 Ke7 22. Kf2 Kd8 23. Ke1 Kc7 24. Kd2 a5 25. Kc3 b6 26. cxb6+ Kxb6 27. Kb3 Bb5 28. Bg4 Bd7 29. Be2 Bb5 30. Bg4 Bd7 31. Be2 Bb5 1/2-1/2

[Event "RUS-ch Rapid Women 2021"]
[White "Chernyak,Viktoria"]
[Black "Kiseljova,Marya"]
[Site "Sochi"]
[Round "1.5"]
[Annotator "NA"]
[Result "1-0"]
[Date "2021.10.12"]
[WhiteElo "2285"]
[BlackElo "2031"]
[PlyCount "122"]
[TimeControl "5400+30"]

1. Nf3 d5 2. e3 Nf6 3. c4 e6 4. Nc3 c5 5. cxd5 exd5 6. d4 Nc6 7. Be2 cxd4 8. Nxd4 Bc5 9. Nb3 Bb6 10. Bf3 Be6 11. 0-0 0-0 12. Nb5 Ne5 13. Be2 a6 14. N5d4 Qd6 15. h3 Bc7 16. f4 Nc4 17. Bd3 b5 18. Rf3 Ne4 19. Ne2 f5 20. Nbd4 Bd7 21. b3 Na5 22. Bb2 Bd8 23. Qe1 Nb7 24. Rd1 Bf6 25. Bb1 Qe7 26. Nc3 Be6 27. Kh2 Nxc3 28. Bxc3 g6 29. Nc6 Qe8 30. Bxf6 Rxf6 31. Ne5 Rc8 32. Rf2 Nd6 33. Qa5 Bf7 34. Rff1 Ne4 35. Rc1 Re6 36. Rfd1 Rxc1 37. Rxc1 Rxe5 38. fxe5 Qxe5+ 39. Kg1 Ng3 40. Qe1 d4 41. exd4 Qxd4+ 42. Kh2 Nh5 43. Rc8+ Kg7 44. Qc3 Qxc3 45. Rxc3 Bd5 46. Rc7+ Kh6 47. Ra7 Nf4 48. g3 Ne2 49. Rxa6 Nc3 50. Bd3 Kg5 51. Bf1 Be4 52. a4 b4 53. Bc4 h5 54. Rb6 Na2 55. a5 f4 56. gxf4+ Kxf4 57. a6 Nc3 58. a7 Nd1 59. Rf6+ Kg5 60. Re6 Bf3 61. Re8 Kf6 1-0

[Event "RUS-ch Rapid Women 2021"]
[White "Gubernatorova,Lyudmila"]
[Black "Potapova,Margarita"]
[Site "Sochi"]
[Round "1.6"]
[Annotator "NA"]
[Result "0-1"]
[Date "2021.10.12"]
[WhiteElo "2130"]
[BlackElo "2257"]
[PlyCount "64"]
[TimeControl "5400+30"]

1. d4 Nf6 2. c4 e6 3. Nf3 d5 4. Bg5 dxc4 5. Nc3 Bb4 6. e4 h6 7. Bxf6 Qxf6 8. Bxc4 c5 9. 0-0 cxd4 10. e5 Qd8 11. Ne4 Nc6 12. a3 Be7 13. Qe2 a6 14. Ng3 b5 15. Bd3 Bb7 16. Rfe1 Qb6 17. Nh5 0-0-0 18. b4 Kb8 19. Ng3 g5 20. a4 Nxb4 21. axb5 axb5 22. Ne4 Nd5 23. Bxb5 g4 24. Nfd2 d3 25. Qxd3 Nb4 26. Qe2 Nc2 27. Nc4 Qxb5 28. Qxc2 Rc8 29. Reb1 Qxc4 30. Rxb7+ Kxb7 31. Qb2+ Qb4 32. Qa2 Ra8 0-1

[Event "RUS-ch Rapid Women 2021"]
[White "Kovalevskaya,Ekaterina"]
[Black "Miroshnik,Ekaterina"]
[Site "Sochi"]
[Round "2.1"]
[Annotator "ChessBase"]
[Result "1/2-1/2"]
[Date "2021.10.12"]
[WhiteElo "2364"]
[BlackElo "2092"]
[PlyCount "121"]
[TimeControl "5400+30"]

1. Nf3 e6 2. g3 b6 3. Bg2 Bb7 4. 0-0 Nf6 5. c4 d6 6. Nc3 Be7 7. Re1 Nbd7 8. e4 0-0 9. d4 e5 10. h3 c6 11. Be3 Re8 12. Qc2 a6 13. Rad1 Qc7 14. Rd2 Rad8 15. Red1 Qb8 16. dxe5 dxe5 17. Nh4 g6 18. f4 exf4 19. Bxf4 Ne5 20. Nf3 Rxd2 21. Rxd2 Bd6 22. Rxd6 Qxd6 23. Bxe5 Rxe5 24. Nxe5 Qxe5 25. Qd3 Kg7 26. Kf2 h5 27. Ne2 c5 28. Qc3 Nd7 29. Ke3 Kf6 30. b3 Qxc3+ 31. Nxc3 Ke5 32. Bf3 Bc6 33. Ne2 Nf6 34. Nf4 Nd7 35. Nd3+ Ke6 36. g4 hxg4 37. Bxg4+ f5 38. exf5+ gxf5 39. Bf3 Bxf3 40. Kxf3 b5 41. h4 Kf6 42. Kf4 bxc4 43. bxc4 a5 44. h5 Nb6 45. Ne5 Na4 46. Nd7+ Kg7 47. Kxf5 Nc3 48. Kg5 Ne4+ 49. Kf4 Nc3 50. Nxc5 Nxa2 51. Na4 Kh6 52. c5 Nb4 53. Ke4 Kxh5 54. Kd4 Kg5 55. Kc4 Kf5 56. Kb5 Ke6 57. Kxa5 Nd3 58. c6 Kd6 59. Kb6 Nb4 60. Nc3 Nxc6 61. Nb5+ 1/2-1/2

[Event "RUS-ch Rapid Women 2021"]
[White "Styazhkina,Anna"]
[Black "Goltseva,Ekaterina"]
[Site "Sochi"]
[Round "2.2"]
[Annotator "NA"]
[Result "0-1"]
[Date "2021.10.12"]
[WhiteElo "2228"]
[BlackElo "2304"]
[PlyCount "78"]
[TimeControl "5400+30"]

1. e4 e5 2. Nf3 Nc6 3. Bc4 Nf6 4. d3 Be7 5. 0-0 0-0 6. c3 d5 7. exd5 Nxd5 8. Re1 Bg4 9. h3 Bh5 10. Nbd2 Nb6 11. Bb3 Qxd3 12. Nxe5 Bxd1 13. Nxd3 Bxb3 14. Nxb3 Nc4 15. Bf4 Bd6 16. Bxd6 Nxd6 17. Nbc5 Rad8 18. Nf4 b6 19. Na6 Rd7 20. Rad1 Rfd8 21. Nxc7 h6 22. Ncd5 Nc4 23. b3 Na3 24. Rd3 Kf8 25. c4 b5 26. Re4 bxc4 27. bxc4 Nxc4 28. Rf3 Nd2 29. Ne6+ Kg8 30. Nxd8 Nxf3+ 31. gxf3 Rxd8 32. Ne3 Rd2 33. Ra4 a5 34. Kg2 g6 35. Ng4 Kg7 36. Rc4 h5 37. Ne3 Nb4 38. a3 Nd3 39. Rc2 Ne1+ 0-1

[Event "RUS-ch Rapid Women 2021"]
[White "Semenova,Elena"]
[Black "Chernyak,Viktoria"]
[Site "Sochi"]
[Round "2.3"]
[Annotator "NA"]
[Result "0-1"]
[Date "2021.10.12"]
[WhiteElo "2233"]
[BlackElo "2285"]
[PlyCount "88"]
[TimeControl "5400+30"]

1. e4 c6 2. d4 d5 3. Nc3 dxe4 4. Nxe4 Nf6 5. Nxf6+ exf6 6. c3 Bd6 7. Bd3 0-0 8. Ne2 Re8 9. Qc2 h5 10. Be3 Qa5 11. 0-0 Nd7 12. Rfe1 Nf8 13. h3 h4 14. c4 Be6 15. a3 Rad8 16. Rad1 Bb8 17. b4 Qxa3 18. Qd2 Bd6 19. c5 Bb8 20. Ra1 Qb3 21. Nc3 Bc8 22. Rab1 Qe6 23. b5 Bc7 24. Qc2 f5 25. Ne2 Qf6 26. Qd2 Ne6 27. Nf4 Bxf4 28. Bxf4 Qxd4 29. Bd6 Nxc5 30. Bxc5 Qxc5 31. Qg5 Be6 32. bxc6 Rxd3 33. cxb7 Rb8 34. Red1 Rxd1+ 35. Rxd1 f6 36. Qf4 Rxb7 37. Rd8+ Kf7 38. Qd2 Rb1+ 39. Kh2 Qc7+ 40. f4 a5 41. Rd4 Rb4 42. Rxb4 axb4 43. Qxb4 g5 44. Kg1 Qc1+ 0-1

[Event "RUS-ch Rapid Women 2021"]
[White "Potapova,Margarita"]
[Black "Yakimova,Mariya"]
[Site "Sochi"]
[Round "2.4"]
[Annotator "ChessBase"]
[Result "0-1"]
[Date "2021.10.12"]
[WhiteElo "2257"]
[BlackElo "2219"]
[PlyCount "130"]
[TimeControl "5400+30"]

1. d4 Nf6 2. c4 g6 3. Nc3 Bg7 4. e4 d6 5. h3 0-0 6. Be3 e5 7. d5 Na6 8. g4 Nc5 9. f3 a5 10. Nge2 c6 11. Nc1 a4 12. Nd3 Nfd7 13. Qd2 Nxd3+ 14. Bxd3 Nc5 15. Bc2 Qa5 16. Bxc5 Qxc5 17. Nxa4 Qa7 18. Nc3 b5 19. dxc6 bxc4 20. 0-0-0 Be6 21. Qxd6 Rab8 22. Rhe1 Qa5 23. g5 Rfc8 24. Ba4 Bf8 25. Qd2 Bb4 26. Bc2 Ba3 27. Na4 c3 28. Qxc3 Bxb2+ 29. Qxb2 Rxb2 30. Kxb2 Rxc6 31. Bb3 Qb4 32. Re2 Ra6 33. Nc3 Qa3+ 34. Kc2 Bxb3+ 35. axb3 Rc6 36. Rd3 Qa2+ 37. Kd1 Qxb3+ 38. Rc2 Qb6 39. Rg2 Qa6 40. Kd2 Rb6 41. Ke3 Qa7 42. Rgd2 Rb2+ 43. Ke2 Rxd2+ 44. Kxd2 Qg1 45. Rd5 Qxg5+ 46. Ke2 Qg2+ 47. Ke3 Qg1+ 48. Ke2 Kg7 49. h4 Qh2+ 50. Ke3 Qf4+ 51. Ke2 Qxh4 52. Nb5 Qh2+ 53. Ke3 h5 54. Nd6 Qg1+ 55. Ke2 Qg2+ 56. Ke3 Qg1+ 57. Ke2 Qh2+ 58. Ke3 h4 59. Ne8+ Kf8 60. Nd6 h3 61. Rd2 Qg1+ 62. Kd3 Qd4+ 63. Ke2 Qxd2+ 64. Kxd2 h2 65. Nc4 h1=Q 0-1

[Event "RUS-ch Rapid Women 2021"]
[White "Nasybullina,Alfia"]
[Black "Vasilevich,Tatjana"]
[Site "Sochi"]
[Round "2.5"]
[Annotator "NA"]
[Result "1/2-1/2"]
[Date "2021.10.12"]
[WhiteElo "2101"]
[BlackElo "2326"]
[PlyCount "43"]
[TimeControl "5400+30"]

1. d4 Nf6 2. Nf3 e6 3. Bg5 d5 4. Nbd2 Be7 5. Bxf6 Bxf6 6. e4 0-0 7. c3 b6 8. Bd3 c5 9. 0-0 Ba6 10. Bxa6 Nxa6 11. Qe2 Qc8 12. exd5 exd5 13. Ne5 Re8 14. Ndf3 Nc7 15. Qd3 c4 16. Qc2 Ne6 17. Ng4 Be7 18. Qf5 Nc7 19. Qf4 Ne6 20. Qf5 Nc7 21. Qf4 Ne6 22. Qf5 1/2-1/2

[Event "RUS-ch Rapid Women 2021"]
[White "Nasyrova,Ekaterina"]
[Black "Sukhareva,Evgeniya"]
[Site "Sochi"]
[Round "2.6"]
[Annotator "NA"]
[Result "1-0"]
[Date "2021.10.12"]
[WhiteElo "2091"]
[BlackElo "2143"]
[PlyCount "93"]
[TimeControl "5400+30"]

1. d4 Nf6 2. c4 e6 3. Nc3 c5 4. d5 exd5 5. cxd5 d6 6. e4 a6 7. a4 g6 8. g3 Bg7 9. Bg2 0-0 10. Nf3 Qe7 11. 0-0 Bg4 12. h3 Bxf3 13. Bxf3 Nbd7 14. Bg2 Rab8 15. a5 Ne8 16. Re1 b5 17. axb6 Rxb6 18. Qe2 Nc7 19. Kh2 Re8 20. Ra2 Rb4 21. Bd2 h5 22. Nd1 Rd4 23. Ne3 h4 24. Bc3 hxg3+ 25. fxg3 Rxe4 26. Bxe4 Qxe4 27. Bxg7 Kxg7 28. Qf2 Ne5 29. Rf1 f5 30. Ng2 Qxd5 31. Ra3 Qc6 32. Nh4 Rf8 33. Qf4 Nb5 34. Re3 Nd4 35. b4 Qd5 36. bxc5 Ne6 37. Qa4 Nxc5 38. Qa5 Rf7 39. Qa1 Qd2+ 40. Ng2 Kg8 41. Rxe5 dxe5 42. Qxe5 Ne4 43. Qe8+ Kg7 44. Qe5+ Kh7 45. Rf4 Nf6 46. Rd4 Qb2 47. Rh4+ 1-0

[Event "RUS-ch Rapid Women 2021"]
[White "Goltseva,Ekaterina"]
[Black "Dimitrova,Aleksandra"]
[Site "Sochi"]
[Round "3.1"]
[Annotator "NA"]
[Result "1-0"]
[Date "2021.10.12"]
[WhiteElo "2304"]
[BlackElo "2197"]
[PlyCount "55"]
[TimeControl "5400+30"]

1. d4 Nf6 2. c4 e6 3. g3 d5 4. Nf3 Be7 5. Bg2 0-0 6. 0-0 dxc4 7. Qc2 b6 8. Ne5 Qxd4 9. Bxa8 Qxe5 10. Bf3 Nd5 11. Qxc4 Ba6 12. Qe4 Nd7 13. Rd1 Bf6 14. Nd2 c5 15. Kf1 c4 16. Qc2 Rc8 17. Ne4 Be7 18. Bf4 Qf5 19. Qa4 g5 20. Qxa6 Rd8 21. Bd6 g4 22. Bxg4 Qxe4 23. Bf3 Qf5 24. Bxe7 Nxe7 25. Qxc4 Rc8 26. Qb4 Nc5 27. Rac1 e5 28. Bg4 1-0

[Event "RUS-ch Rapid Women 2021"]
[White "Chernyak,Viktoria"]
[Black "Gvanceladze,Anna"]
[Site "Sochi"]
[Round "3.2"]
[Annotator "NA"]
[Result "1/2-1/2"]
[Date "2021.10.12"]
[WhiteElo "2285"]
[BlackElo "2196"]
[PlyCount "182"]
[TimeControl "5400+30"]

1. Nf3 d5 2. e3 c6 3. c4 Nf6 4. Nc3 g6 5. b3 Bg7 6. Bb2 0-0 7. Be2 Bf5 8. 0-0 Ne4 9. Nd4 Nxc3 10. Bxc3 Bd7 11. Nf3 Bg4 12. Bxg7 Kxg7 13. h3 Bxf3 14. Bxf3 e6 15. d4 Nd7 16. Qc2 Nf6 17. Rfe1 Re8 18. Rad1 Qa5 19. g3 Rad8 20. Bg2 h5 21. Rb1 Qb4 22. Red1 Rd7 23. a3 Qe7 24. b4 a6 25. a4 Rc7 26. Rdc1 Rec8 27. Qd3 Qd8 28. Rb2 Qd6 29. c5 Qd8 30. Rcb1 Ra8 31. b5 axb5 32. axb5 Ra4 33. Qd1 Qa8 34. Bf3 Qa5 35. Qb3 Ra3 36. Qc2 Rc8 37. Kg2 Qa4 38. Qxa4 Rxa4 39. g4 hxg4 40. hxg4 g5 41. bxc6 bxc6 42. Rb7 Ra2 43. R1b6 Kg6 44. Re7 Rd2 45. Rbb7 Ra8 46. Ra7 Ra2 47. Rac7 Rd2 48. Ra7 Ra2 49. Rxa8 Rxa8 50. Rc7 Ra6 51. Kg3 Ne4+ 52. Kg2 Kf6 53. Bxe4 dxe4 54. Kg3 e5 55. Rd7 exd4 56. Rxd4 Ke5 57. Rd6 f6 58. Kg2 f5 59. Rg6 fxg4 60. Rxg5+ Kf6 61. Rxg4 Kf5 62. Rf4+ Ke5 63. Rh4 Ra5 64. Rh5+ Ke6 65. Kg3 Ra2 66. Rh2 Rc2 67. Kf4 Kd5 68. Rg2 Re2 69. Rg5+ Kc4 70. Kg3 Rc2 71. Re5 Kd3 72. Kg2 Rc4 73. Kg3 Rc2 74. Rf5 Kc4 75. Kg4 Kb5 76. f3 exf3 77. Kxf3 Rxc5 78. e4 Kb6 79. Rf8 Kc7 80. Kf4 Kd7 81. Rh8 Ke7 82. Rh7+ Ke6 83. Rh6+ Ke7 84. e5 Rc1 85. Kf5 Rf1+ 86. Ke4 Rc1 87. Kd4 Rc2 88. Rh7+ Ke6 89. Rh6+ Ke7 90. Rh7+ Ke6 91. Rh6+ Ke7 1/2-1/2

[Event "RUS-ch Rapid Women 2021"]
[White "Belenkaya,Dina"]
[Black "Borisova,Ekaterina"]
[Site "Sochi"]
[Round "3.3"]
[Annotator "NA"]
[Result "1/2-1/2"]
[Date "2021.10.12"]
[WhiteElo "2277"]
[BlackElo "2250"]
[PlyCount "86"]
[TimeControl "5400+30"]

1. Nf3 Nf6 2. g3 g6 3. Bg2 Bg7 4. 0-0 0-0 5. d3 d5 6. Nbd2 c5 7. e4 Nc6 8. Re1 e5 9. exd5 Nxd5 10. Nc4 Re8 11. a4 h6 12. a5 Rb8 13. Nfd2 b5 14. axb6 axb6 15. Ne4 Be6 16. c3 Qd7 17. Qc2 f5 18. Ned6 Rf8 19. Nb5 Kh7 20. f4 exf4 21. gxf4 Bg8 22. Ncd6 Rf6 23. Nc4 Re6 24. Bd2 Rxe1+ 25. Rxe1 Nce7 26. Ncd6 Nc7 27. Nxc7 Qxd6 28. Nb5 Qd7 29. c4 Nc6 30. Bxc6 Qxc6 31. Bc3 Rb7 32. Qe2 g5 33. Qg2 Qxg2+ 34. Kxg2 Rd7 35. Re3 Kg6 36. Kf3 Bxc3 37. bxc3 Bf7 38. Kg3 Kf6 39. h4 gxf4+ 40. Kxf4 Be6 41. Rg3 Bf7 42. Re3 Be6 43. Rg3 Bf7 1/2-1/2

[Event "RUS-ch Rapid Women 2021"]
[White "Diakonova,Ekaterina"]
[Black "Shafigullina,Zarina"]
[Site "Sochi"]
[Round "3.4"]
[Annotator "NA"]
[Result "0-1"]
[Date "2021.10.12"]
[WhiteElo "2157"]
[BlackElo "2204"]
[PlyCount "104"]
[TimeControl "5400+30"]

1. d4 Nf6 2. Bf4 d5 3. e3 c5 4. dxc5 Nc6 5. Bb5 e6 6. b4 a5 7. c3 Bd7 8. Bxc6 Bxc6 9. a4 d4 10. f3 dxc3 11. b5 Qxd1+ 12. Kxd1 Bd5 13. Nxc3 Bxc5 14. Nge2 Rc8 15. Kc2 Bc4 16. Kb2 Bxe2 17. Nxe2 Nd5 18. Rac1 0-0 19. Rxc5 Rxc5 20. Bd6 Rc4 21. Bxf8 Kxf8 22. e4 Rb4+ 23. Ka3 Nb6 24. Nc3 Nc4+ 25. Ka2 Rb2+ 26. Ka1 Rxg2 27. Rc1 Nd2 28. Rd1 Rxh2 29. f4 h5 30. b6 g6 31. e5 h4 32. Nb5 h3 33. Nd6 Nb3+ 34. Kb1 Nc5 35. Rc1 Nxa4 36. Rc8+ Kg7 37. Ne8+ Kh6 38. Nf6 Rh1+ 39. Kc2 g5 40. Rg8 Rg1 41. f5 Rg2+ 42. Kb3 g4 43. Nxg4+ Kh5 44. Nf6+ Kh4 45. Rh8+ Kg3 46. Kxa4 exf5 47. Nd5 h2 48. Rg8+ Kf3 49. Rh8 Kg3 50. Rg8+ Kf2 51. Rh8 Kg1 52. Ne3 h1=Q 0-1

[Event "RUS-ch Rapid Women 2021"]
[White "Tomilova,Elena"]
[Black "Nasyrova,Ekaterina"]
[Site "Sochi"]
[Round "3.5"]
[Annotator "NA"]
[Result "1/2-1/2"]
[Date "2021.10.12"]
[WhiteElo "2256"]
[BlackElo "2091"]
[PlyCount "94"]
[TimeControl "5400+30"]

1. c4 e6 2. Nf3 d5 3. b3 Nf6 4. Bb2 Bd6 5. g3 b6 6. Bg2 Bb7 7. 0-0 0-0 8. d3 Nbd7 9. Nbd2 Qe7 10. Qc2 Rfd8 11. cxd5 exd5 12. Nd4 Bc5 13. N2f3 Rac8 14. a3 a5 15. Nf5 Qe8 16. Bh3 Bf8 17. Qd2 c5 18. Bxf6 Nxf6 19. Qg5 Kh8 20. d4 cxd4 21. N5xd4 Rc3 22. Rac1 Rxc1 23. Rxc1 Bc8 24. Bxc8 Rxc8 25. Rxc8 Qxc8 26. Ne5 Qe8 27. a4 h6 28. Qf5 Bc5 29. e3 Kg8 30. h4 Ne4 31. Nec6 Bxd4 32. Nxd4 Nf6 33. Qf4 Qf8 34. Nf5 Qd8 35. Qe5 Kh7 36. Kg2 Qd7 37. g4 Qe6 38. Qxe6 fxe6 39. Nd4 e5 40. Nc6 Nxg4 41. Kf3 h5 42. Ne7 Nf6 43. Nc8 Nd7 44. Ne7 Nf6 45. Nc8 Nd7 46. Ne7 Nf6 47. Nc8 Nd7 1/2-1/2

[Event "RUS-ch Rapid Women 2021"]
[White "Yakimova,Mariya"]
[Black "Protopopova,Anastasiya"]
[Site "Sochi"]
[Round "3.6"]
[Annotator "NA"]
[Result "0-1"]
[Date "2021.10.12"]
[WhiteElo "2219"]
[BlackElo "2257"]
[PlyCount "110"]
[TimeControl "5400+30"]

1. d4 Nf6 2. c4 e6 3. Nf3 b6 4. g3 Ba6 5. Qa4 c5 6. Bg2 Bb7 7. 0-0 cxd4 8. Nxd4 Bxg2 9. Kxg2 Be7 10. Nc3 Qc8 11. Rd1 a6 12. f3 0-0 13. Be3 d6 14. Ndb5 Ne8 15. Bf4 e5 16. Be3 Qb7 17. Na3 Nc7 18. Qb3 Nd7 19. Ne4 Qc6 20. Nc2 a5 21. Rd2 Nc5 22. Nxc5 bxc5 23. Bf2 Rfb8 24. Qc3 Ne6 25. Ne3 Nd4 26. Nd5 Bf8 27. e3 Ne6 28. Rad1 a4 29. h4 Rb7 30. h5 h6 31. Qc1 Rab8 32. Nc3 Ng5 33. Nd5 e4 34. f4 Nf3 35. Rc2 f5 36. Be1 Qe8 37. Bc3 Qxh5 38. Rh1 Qg6 39. Rh3 Be7 40. Kf2 Qg4 41. Qh1 Qg6 42. Rh5 Bd8 43. Qh3 Rf7 44. Rc1 Ra8 45. Rc2 Kf8 46. Kf1 Ba5 47. Bxa5 Rxa5 48. Rg2 Ra8 49. g4 fxg4 50. Rxg4 Nh2+ 51. Qxh2 Qxg4 52. Nc3 Qf3+ 53. Ke1 Qxe3+ 54. Kd1 Rxf4 55. Qe2 Qg1+ 0-1

[Event "RUS-ch Rapid Women 2021"]
[White "Protopopova,Anastasiya"]
[Black "Goltseva,Ekaterina"]
[Site "Sochi"]
[Round "4.1"]
[Annotator "NA"]
[Result "1-0"]
[Date "2021.10.12"]
[WhiteElo "2257"]
[BlackElo "2304"]
[PlyCount "51"]
[TimeControl "5400+30"]

1. d4 Nf6 2. c4 e6 3. Nc3 Bb4 4. f3 d5 5. a3 Bxc3+ 6. bxc3 c5 7. cxd5 exd5 8. e3 Qc7 9. Bd3 cxd4 10. cxd4 Qc3+ 11. Qd2 Qxa1 12. Ne2 Nc6 13. 0-0 0-0 14. Bb2 Qxf1+ 15. Kxf1 Re8 16. Ng3 Be6 17. e4 Nd7 18. Nh5 h6 19. Qf4 Kh8 20. exd5 g5 21. Qd6 Rad8 22. dxe6 Nf6 23. Nxf6 Rxd6 24. Nxe8 Rxe6 25. d5+ Re5 26. dxc6 1-0

[Event "RUS-ch Rapid Women 2021"]
[White "Shafigullina,Zarina"]
[Black "Pogorelskikh,Sofia"]
[Site "Sochi"]
[Round "4.2"]
[Annotator "NA"]
[Result "1-0"]
[Date "2021.10.12"]
[WhiteElo "2204"]
[BlackElo "2051"]
[PlyCount "117"]
[TimeControl "5400+30"]

1. d4 Nf6 2. Nf3 d5 3. Bf4 e6 4. e3 Be7 5. h3 b6 6. Nbd2 Bb7 7. Bd3 Nbd7 8. 0-0 0-0 9. c3 Ne4 10. Qc2 f5 11. Rfe1 Bf6 12. Nf1 Rc8 13. N3h2 e5 14. dxe5 Nxe5 15. Be2 Qd7 16. Rad1 Qe6 17. Ng3 g5 18. Nxe4 dxe4 19. Bxe5 Bxe5 20. Qa4 Kh8 21. Bc4 Qc6 22. Qb3 Rcd8 23. Be6 f4 24. Ng4 Bg7 25. Qc4 Qxc4 26. Bxc4 h5 27. Nh2 Be5 28. Nf1 Kg7 29. Nd2 Rd6 30. Nb3 fxe3 31. fxe3 Rxd1 32. Rxd1 Bg3 33. Rd2 Kg6 34. Nc1 a5 35. Nb3 a4 36. Nd4 Rd8 37. Nf3 Rxd2 38. Nxd2 Be1 39. Nb1 Kf5 40. Bb5 Bd5 41. c4 Be6 42. Kf1 Bb4 43. Kf2 Ke5 44. Ke2 c6 45. Bxc6 Bxc4+ 46. Kd1 Bxa2 47. Nd2 a3 48. bxa3 Bxa3 49. Nxe4 Bb3+ 50. Ke2 g4 51. hxg4 hxg4 52. Nf2 Bc4+ 53. Kd2 Bb4+ 54. Kc2 Be6 55. Nd3+ Kd6 56. Nxb4 Kc5 57. Kc3 g3 58. Bf3 b5 59. Nd3+ 1-0

[Event "RUS-ch Rapid Women 2021"]
[White "Gvanceladze,Anna"]
[Black "Kovanova,Baira"]
[Site "Sochi"]
[Round "4.3"]
[Annotator "NA"]
[Result "1-0"]
[Date "2021.10.12"]
[WhiteElo "2196"]
[BlackElo "2331"]
[PlyCount "57"]
[TimeControl "5400+30"]

1. d4 Nf6 2. Nf3 e6 3. c4 b6 4. g3 Ba6 5. b3 Bb4+ $11 6. Bd2 Be7 7. Bg2 d5 8. Nc3 0-0 9. 0-0 Nbd7 10. Bf4 Rc8 11. Ne5 c6 12. Rc1 Nxe5 13. dxe5 Nd7 14. cxd5 cxd5 15. h4 Rc6 16. Nxd5 Rxc1 17. Nxe7+ Qxe7 18. Qxc1 Bxe2 19. Re1 Bh5 20. Qc7 Qd8 21. Qxa7 Nc5 22. Bg5 Qc8 23. Rc1 Qe8 24. Be7 Nd3 25. Rc7 Qb5 26. Bxf8 Qxe5 27. Bc5 Qe1+ 28. Kh2 h6 29. Qa8+ 1-0

[Event "RUS-ch Rapid Women 2021"]
[White "Kovalevskaya,Ekaterina"]
[Black "Shubenkova,Veronika"]
[Site "Sochi"]
[Round "4.4"]
[Annotator "NA"]
[Result "1/2-1/2"]
[Date "2021.10.12"]
[WhiteElo "2364"]
[BlackElo "1762"]
[PlyCount "119"]
[TimeControl "5400+30"]

1. Nf3 d5 2. g3 Nf6 3. Bg2 g6 4. 0-0 Bg7 5. d4 0-0 6. Bf4 Nbd7 7. Qc1 c6 8. Bh6 Re8 9. Bxg7 Kxg7 10. c4 e5 11. cxd5 cxd5 12. dxe5 Nxe5 13. Nd4 Qb6 14. Rd1 Nc6 15. e3 Bg4 16. Rd3 Rac8 17. Nxc6 bxc6 18. Nc3 Qa6 19. Rd4 Bf5 20. b3 Re7 21. Qb2 Kg8 22. Rc1 Nd7 23. e4 dxe4 24. Nxe4 Bxe4 25. Rxe4 Rxe4 26. Bxe4 c5 27. Qd2 Nf6 28. Bf3 Qb6 29. Qc3 Qd6 30. Rd1 Qb6 31. Kg2 Qe6 32. Qc4 Qxc4 33. bxc4 Rb8 34. Rd6 Kg7 35. Ra6 Rb4 36. Bd5 Nxd5 37. cxd5 Rd4 38. d6 c4 39. Kf3 c3 40. Rc6 c2 41. Rxc2 Rxd6 42. Rc4 Ra6 43. a4 Kf6 44. Ke4 Rd6 45. Rc5 Ke6 46. Ra5 a6 47. f4 f5+ 48. Ke3 Ke7 49. Rc5 Kd7 50. h3 h5 51. Rc4 Ke6 52. Rc7 Rb6 53. Kd4 Rb4+ 54. Rc4 Rb3 55. Rc6+ Kf7 56. Rxa6 Rxg3 57. Ra7+ Kf6 58. Ra6+ Kf7 59. Ra7+ Kf6 60. Ra6+ 1/2-1/2

[Event "RUS-ch Rapid Women 2021"]
[White "Borisova,Ekaterina"]
[Black "Chernyak,Viktoria"]
[Site "Sochi"]
[Round "4.5"]
[Annotator "NA"]
[Result "1-0"]
[Date "2021.10.12"]
[WhiteElo "2250"]
[BlackElo "2285"]
[PlyCount "110"]
[TimeControl "5400+30"]

1. Nf3 Nf6 2. c4 e6 3. d4 d5 4. g3 a6 5. Bg2 dxc4 6. Ne5 c5 7. dxc5 Qxd1+ 8. Kxd1 Bxc5 9. e3 0-0 10. Ke2 Ra7 11. Nxc4 b5 12. Na5 e5 13. Nd2 Bg4+ 14. f3 Be6 15. Ndb3 Bb6 16. e4 Rc7 17. Rd1 Rc2+ 18. Rd2 Rfc8 19. Kd1 R2c7 20. Rd6 Nbd7 21. Bg5 h6 22. Bd2 Ne8 23. Rd3 h5 24. Rc1 g6 25. Rxc7 Rxc7 26. Bb4 f6 27. Kd2 Kf7 28. f4 Kg7 29. Bd6 Rc8 30. Bb4 Rc7 31. Bd6 Rc8 32. Bb4 Rc7 33. Bf3 Bg1 34. Be2 Bxh2 35. Bc3 exf4 36. gxf4 Bxf4+ 37. Ke1 h4 38. Bf1 g5 39. Nd4 Bg4 40. Ndc6 Nc5 41. Rd8 Bg3+ 42. Kd2 Nxe4+ 43. Kc2 Nxc3 44. bxc3 Bf5+ 45. Kb2 Nd6 46. Nd4 Kg6 47. Rg8+ Kf7 48. Rh8 Be5 49. Nxf5 Nxf5 50. Bh3 Bxc3+ 51. Kb1 Ng7 52. Nb3 f5 53. Bg2 Kg6 54. Kc2 Bf6+ 55. Kd3 g4 1-0